 Seeded DCSS version 0.29.1-13-g9f3cf754e1 (webtiles) character file.

Game seed: 20230119 (custom seed)

1813 stormannn the Fighter (level 8, 0/75 HPs)
             Began as a Minotaur Fighter on Jan 19, 2023.
             Was an Initiate of Gozag.
             Slain by a bog body (12 damage)
             ... summoned by a worldbinder
             ... on level 1 of the Abyss.
             The game lasted 00:06:45 (5915 turns).

stormannn the Fighter (Minotaur Fighter)            Turns: 5915, Time: 00:06:46

Health: 0/75       AC:  7    Str: 24      XL:     8   Next: 84%
Magic:  7/7        EV:  9    Int:  5      God:    Gozag
Gold:   358        SH:  6    Dex:  6 (9)  Spells: 7/7 levels left

rFire   . . .      SeeInvis .   a - +0 war axe
rCold   . . .      Faith    .   x - +2 buckler
rNeg    . . .      Spirit   .   b - +0 scale mail
rPois   .          Reflect  .   (helmet restricted)
rElec   .          Harm     .   (no cloak)
rCorr   +          Rampage  .   (no gloves)
Will    .....                   (no boots)
Stlth   ..........              (no amulet)
HPRegen 0.22/turn               r - ring of resist corrosion
MPRegen 0.10/turn               (no ring)

@: about to teleport, unable to drink
A: horns 2, retaliatory headbutt, inability to drink after injury 1
a: Renounce Religion, Potion Petition, Call Merchant, Bribe Branch


You were on level 1 of the Abyss.
You worshipped Gozag.
Gozag was aware of your devotion.
You visited 2 branches of the dungeon, and saw 7 of its levels.
You visited the Abyss 1 time.

You collected 503 gold pieces.
You spent 65 gold pieces at shops.
You paid 80 gold pieces to Gozag.

Inventory:

Hand Weapons
 a - a +0 war axe (weapon)
Missiles
 d - 4 poisoned darts (quivered)
 y - 2 throwing nets
Armour
 b - a +0 scale mail (worn)
 x - a +2 buckler (worn)
Jewellery
 r - a ring of resist corrosion (left hand)
Wands
 p - a wand of flame (45)
Scrolls
 c - a scroll of noise {unknown}
 f - 6 scrolls of identify
 g - a scroll of summoning
 k - 2 scrolls of teleportation
 o - a scroll of torment {unknown}
 s - a scroll of enchant armour {unknown}
 t - 2 scrolls of enchant weapon {unknown}
 z - a scroll of poison {unknown}
 A - a scroll of fear {unknown}
Potions
 e - a potion of flight {unknown}
 h - a potion of haste {unknown}
 i - 2 potions of lignification
 j - 2 potions of berserk rage {unknown}
 l - 5 potions of curing
 m - 2 potions of degeneration {unknown}
 n - 2 potions of heal wounds
 q - a potion of magic {unknown}
 u - a potion of brilliance {unknown}
 v - a potion of mutation {unknown}
 w - a potion of attraction {unknown}


   Skills:
 * Level 8.7 Fighting
 * Level 8.3 Axes
 + Level 6.6 Armour
 + Level 6.5 Shields


You had 7 spell levels left.
You didn't know any spells.
Your spell library contained the following spells:

 Spells                   Type           Power      Damage    Failure   Level
 Poisonous Vapours        Pois/Air       0%         N/A       92%         2
 Scorch                   Fire           0%         2d5       92%         2
 Gell's Gravitas          Tloc           0%         N/A       99%         3
 Teleport Other           Tloc           0%         N/A       99%         3
 Flame Wave               Conj/Fire      0%         2d4       100%        4
 Dispersal                Tloc           0%         N/A       100%        6
 Summon Cactus Giant      Summ           0%         N/A       100%        6
 Corpse Rot               Necr/Pois/Air  Unusable   N/A       N/A         4

Dungeon Overview and Level Annotations

Branches:
Dungeon (6/15)             Temple (1/1) D:5

Altars:
Ashenzari
Cheibriados
Dithmenos
Elyvilon
Fedhas
Gozag
Hepliaklqana
Kikubaaqudgha
Nemelex Xobeh
Okawaru
Qazlal
Ru
Sif Muna
Trog
Uskayaw
Vehumet
Xom
Yredelemnul
Zin
The Shining One

Shops:
D:4 ([!*[


Innate Abilities, Weirdness & Mutations

You have a pair of horns on your head.
You reflexively headbutt those who attack you in melee.
You occasionally lose the ability to drink potions when taking damage.


Message History

The neqoxec gestures at you.
Something tries to feed on your intellect!
The swamp drake breathes poison at you.
As you read the scroll of teleportation, it crumbles to dust.
You feel strangely unstable.
You feel the power of the Abyss delaying your translocation!
You are engulfed in noxious fumes.
You choke on the stench!
You are confused.
You feel less confused. The worldbinder closely misses you.
You block the worldbinder's attack.
A wraith comes into view.
The worldbinder hits you. x2
The worldbinder barely misses you. You furiously retaliate!
You headbutt the worldbinder! The worldbinder barely misses you.
The worldbinder attacks as you move away!
The worldbinder hits you but does no damage. x2
The swamp drake disappears in a puff of smoke!
The worldbinder hits you.
The worldbinder hits you but does no damage.
The worldbinder attacks as you move away!
You block the worldbinder's attack. The worldbinder barely misses you.
The worldbinder calls forth creatures from the Swamp!
The bog body attacks as you move away! The bog body touches you!
The bog body freezes you!
You feel threatened and lose the ability to drink potions!
The worldbinder attacks as you move away!
The worldbinder misses you.
The worldbinder hits you but does no damage.
You can drink potions again.
The bog body attacks as you move away! You block the bog body's attack.
The worldbinder closely misses you.
The worldbinder hits you but does no damage.
The bog body touches you. The bog body freezes you!
You feel threatened and lose the ability to drink potions!
* * * LOW HITPOINT WARNING * * *
The bog body attacks as you move away! The bog body touches you.
* * * LOW HITPOINT WARNING * * *
The bog body freezes you!
You die...
Your body crumbles into a pile of gold.

## .# #. .# #
..## .. #. .#.#.#
. #.. ....#.# #
#...#..##.#.##.
#............#
##@.......#
##x#n...... . #
##n#.###..###
..#.
#...........#
........##.#..#..
#...####.*..## ..
.. ..##.
##..##..## ..
........... .....
#... ... ......F
.....#....


You could see a worldbinder and 2 bog bodies.

Vanquished Creatures
  Sigmund (D:3)
  A water moccasin (D:6)
  An orc warrior (D:6)
  A black bear (D:4)
  2 ogres
  2 centaurs
  A bullfrog (D:6)
  A necrophage (D:5)
  4 scorpions
  2 howler monkeys (D:6)
  2 quasits (Abyss:1)
  A gnoll bouda (D:5)
  2 hounds (D:5)
  4 iguanas
  3 orc wizards
  9 adders
  9 gnolls
  2 white imps
  2 worms
  14 orcs
  4 endoplasms
  6 giant cockroaches
  4 goblins
  A hobgoblin (D:1)
  4 jackals (D:2)
  5 kobolds
  4 quokkas
  12 ball pythons
  4 bats
  2 frilled lizards (D:1)
  3 rats
113 creatures vanquished.

Notes
Turn   | Place    | Note
-------+----------+-------------------------------------------
     0 | D:1      | stormannn the Minotaur Fighter began the quest for the Orb.
     0 | D:1      | Reached XP level 1. HP: 19/19 MP: 0/0
   401 | D:1      | Reached XP level 2. HP: 27/27 MP: 1/1
   849 | D:2      | Reached XP level 3. HP: 30/33 MP: 2/2
  1156 | D:2      | Found a faded altar of an unknown god.
  1916 | D:3      | Noticed Sigmund
  1924 | D:3      | Killed Sigmund
  1925 | D:3      | Reached skill level 5 in Fighting
  1925 | D:3      | Reached XP level 4. HP: 40/42 MP: 3/3
  1925 | D:3      | Reached XP level 5. HP: 46/48 MP: 4/4
  2225 | D:4      | Found Xaownyc's Weapon Shop.
  2274 | D:4      | Found Nazitol's Antique Armour Shoppe.
  2276 | D:4      | Found Voc Rew's Distillery.
  2278 | D:4      | Found Untunaub's Antique Armour Shoppe.
  2278 | D:4      | Found Otroywou's Assorted Antiques.
  2349 | D:4      | Bought a potion of heal wounds for 65 gold pieces
  2386 | D:4      | Noticed a black bear
  2394 | D:4      | Killed a black bear
  2395 | D:4      | Reached skill level 5 in Axes
  2395 | D:4      | Reached XP level 6. HP: 29/57 MP: 5/5
  2781 | D:4      | Found a shimmering altar of Xom.
  2782 | D:4      | Found a shimmering altar of Xom.
  2783 | D:4      | Found a shimmering altar of Xom.
  2784 | D:4      | Found a shimmering altar of Xom.
  3095 | D:4      | Reached skill level 5 in Shields
  3144 | D:4      | Reached skill level 5 in Armour
  3337 | D:5      | Entered Level 5 of the Dungeon
  3344 | D:5      | Reached XP level 7. HP: 54/63 MP: 6/6
  3402 | D:5      | Identified the +2 falchion of Peuk Kebla {holy, Will+}
  3666 | D:5      | Found a staircase to the Ecumenical Temple.
  3711 | Temple   | Entered the Ecumenical Temple
  4019 | Temple   | Became a worshipper of Gozag Ym Sagoz the Greedy
  4358 | D:5      | Reached XP level 8. HP: 36/73 MP: 7/7
  5098 | D:6      | Found a sacrificial altar of Ru.
  5605 | D:6      | Found a snail-covered altar of Cheibriados.
  5813 | Abyss:1  | Cast into level 1 of the Abyss (gnoll)
  5815 | Abyss:1  | Found a corrupted altar of Lugonu.
  5845 | Abyss:1  | Noticed a wretched star
  5896 | Abyss:1  | Noticed a worldbinder
  5897 | Abyss:1  | Gained mutation: You occasionally lose the ability to drink
                  | potions when taking damage. [a neqoxec]
  5901 | Abyss:1  | Noticed a goliath frog
  5903 | Abyss:1  | Noticed a goliath frog
  5912 | Abyss:1  | Noticed a bog body
  5912 | Abyss:1  | Noticed a bog body
  5912 | Abyss:1  | Noticed a bog body
  5915 | Abyss:1  | Slain by a bog body

Illustrated notes

Levels and vault maps discovered:
D:1:      lemuel_arrival_behind_the_door_small, layout_loops_cross
D:2:      layout_basic, dreamdust_ecumenical_altar_angels_and_demons
D:3:      layout_basic, uniq_sigmund
D:4:      layout_rooms, xom_redecorated, nicolae_wooded_promenade,
          minmay_door_square, grunt_decor_mini_mirrors, minmay_curled_crystal,
          minmay_snake_closets
D:5:      minmay_general_purpose_star, layout_rooms, minmay_temple_entry_ruins
D:6:      layout_loops_cross, cheibrodos_worm_habitat, old_standard_altar
Temple:   minmay_temple_bridge_d
Abyss:1:  base: D:5, evilmike_abyss_exit_chaos

Skill      XL: |  1  2  3  4  5  6  7  8 |
---------------+-------------------------+-----
Fighting       | 4 5 6 7 8 |  8.7
Axes           | 3 4 5 6 8 |  8.3
Armour         | 4 5 6 |  6.6
Shields        | 4 5 6 |  6.5

Action                   |  1- 3 |  4- 6 |  7- 9 || total
-------------------------+-------+-------+-------++-------
Melee: War axe           |    89 |    61 |   147 ||   297
       Headbutt          |     8 |    12 |    35 ||    55
  Use: Scroll            |       |     5 |     1 ||     6
       Potion            |       |       |     5 ||     5
 Stab: Distracted        |       |       |     1 ||     1
Armor: Scale mail        |    52 |    42 |    84 ||   178
Dodge: Dodged            |    52 |    35 |    67 ||   154
Block: Buckler           |    21 |    13 |    61 ||    95
